cohdb
Replays
Latest Replays
All Replays
Popular Replays
Top Player Replays
Match Explorer
How It Works
Community
CoH3 Stats
Reddit
Sign in to upload your games and track your stats! →
Sign in with Steam
Match 39601084
Unlisted
Match 39601084
Overview
Messages
Build Orders
End
Scout Squad
Construct Barracks
Riflemen Squad
M1 Mortar Team
Construct Weapon Support Center
M1919 Machine Gun Team
Construct Medical Station
M1919 Machine Gun Team
Mechanized Support Center
Construct Motor Pool
Selects Heavy Weapons
Selects M2HB .50cal Heavy Machine Gun
Selects Assault Carriers
M3 Assault Carrier
Selects Exchangeable Parts
M1 Anti-tank Gun Team
Grenade Package
Designate Forward Repair Station
Riflemen Squad
Engineer Squad
Construct Tank Depot
M4A1 Sherman Medium Tank
Selects Rapid Reposition
Selects Bolstered Team Weapons
『BlackBear』
ProxyFox
JustLemon
Andrax
0
0
Comments
sign in to comment!
No comments posted yet!